AoeStats
← pascapas

Black Forest

508330440Analyzed
2v2 RM · 12d ago on Sep 22, 2026· 48m 39s· 4 players
Game mode
Random Map
Map size
Medium (4 player)
Population
200
Speed
Normal
Resources
Standard
Victory
Conquest
Starting age
Dark Age
Ending age
Imperial Age
RankedLock teamsTeams togetherTeam positionsShared explorationLock speedFull tech treeHidden civsTurbo modeCheats
Victory
Defeat
🇦🇷 Bohemians · Argentina
823
+13
🇨🇭 Franks · Switzerland
778
+15
🇧🇷 Bohemians · Brazil
773
-15
🇧🇷 Bohemians · Brazil
725
-13
RicardowaR
12:27 Feudal Age
13:33 Double-Bit Axe
13:31 Horse Collar
14:07 Fishing Lines
19:50 Man-at-Arms
23:00 Castle Age
22:38 Arson
24:10 Gillnets
24:40 Heavy Plow
24:54 Bow Saw
24:55 Heavy Plow
25:03 Crossbowman
25:07 Long Swordsman
25:49 Squires
25:10 Pikeman
25:44 Fletching
25:55 Scale Mail Armor
25:58 Padded Archer Armor
26:10 Forging
29:16 Wheelbarrow
28:27 Town Watch
28:28 Loom
30:17 Chemistry
30:19 Hand Cart
31:49 Ballistics
34:47 Masonry
34:18 Treadmill Crane
34:34 Murder Holes
37:12 Imperial Age
36:03 Town Patrol
36:25 Caravan
37:43 Bodkin Arrow
38:03 Chain Mail Armor
38:25 Iron Casting
38:12 Elite Hussite Wagon
39:03 Wagenburg Tactics
39:20 Conscription
42:34 Two-Man Saw
42:21 Siege Engineers
44:24 Halberdier
HunterXHunter
8:21 Loom
16:01 Feudal Age
18:07 Horse Collar
19:05 Wheelbarrow
20:11 Arson
21:52 Double-Bit Axe
26:34 Padded Archer Armor
26:35 Scale Mail Armor
26:27 Fletching
26:43 Scale Barding Armor
26:51 Forging
26:37 Town Watch
29:31 Castle Age
30:09 Pikeman
30:56 Squires
30:24 Crossbowman
31:10 Husbandry
32:54 Chain Mail Armor
33:04 Bow Saw
33:10 Heavy Plow
33:42 Elite Skirmisher
36:19 Hand Cart
Stark210321
1:20 Loom
11:33 Feudal Age
12:34 Double-Bit Axe
16:48 Castle Age
17:06 Horse Collar
23:21 Fletching
26:36 Heavy Plow
28:28 Chemistry
32:02 Wheelbarrow
31:34 Padded Archer Armor
32:54 Bow Saw
32:31 Town Watch
32:45 Bodkin Arrow
33:07 Leather Archer Armor
33:29 Caravan
34:36 Hand Cart
35:02 Town Patrol
35:59 Ballistics
40:30 Imperial Age
39:45 Redemption
42:32 Siege Engineers
42:33 Houfnice
pascapas
0:37 Loom
12:25 Feudal Age
15:58 Double-Bit Axe
17:24 Forging
19:37 Scale Barding Armor
19:25 Fletching
24:00 Castle Age
28:58 Wheelbarrow
28:02 Light Cavalry
28:44 Husbandry
28:41 Gold Mining
30:00 Iron Casting
30:06 Town Watch
35:17 Imperial Age
34:14 Hand Cart
35:53 Gold Shaft Mining
37:28 Cavalier
40:21 Paladin
47:10 Conscription
Connection lost

Rejoining the realm…

Still unreachable

The connection could not be restored.

Session expired

The server has moved on; the page needs a fresh start.